 Dungeon Crawl Stone Soup version 0.18-a0-884-gb6cfd45 (webtiles) character file.

144 Jmtri7 the Covered (level 5, 0/42 HPs)
             Began as a Minotaur Skald on Dec 23, 2015.
             Slain by a polar bear (19 damage)
             ... created by the rage of Trog
             ... on level 4 of the Dungeon.
             The game lasted 00:12:08 (1924 turns).

Jmtri7 the Covered (Minotaur Skald)                 Turns: 1924, Time: 00:12:08

Health: 0/42       AC: 12    Str: 17    XL:     5   Next: 5%
Magic:  5/6        EV:  9    Int:  9    God:
Gold:   108        SH:  0    Dex: 10    Spells: 2 memorised, 3 levels left

rFire  . . .     SeeInvis +     k - +2 short sword (protect)
rCold  . . .     Gourm    .     v - +0 scale mail
rNeg   . . .     Faith    .     (no shield)
rPois  .         Spirit   .     (helmet restricted)
rElec  .         Dismiss  .     (no cloak)
rCorr  .         Reflect  .     (no gloves)
SustAt .         Harm     .     (no boots)
MR     +....                    (no amulet)
Stlth  ..........               o - ring of protection from magic (curse)
                                i - ring of see invisible

@: infused, somewhat resistant to hostile enchantments, extremely unstealthy
A: retaliatory headbutt, horns 2
a: no special abilities


You were on level 4 of the Dungeon.
You were not hungry.

You visited 1 branch of the dungeon, and saw 4 of its levels.

You collected 108 gold pieces.

Inventory:

Hand Weapons
 j - a +0 whip of flaming
 k - a +2 short sword of protection (weapon)
 l - a +1 whip of electrocution
Armour
 v - a +0 scale mail (worn)
Jewellery
 i - a ring of see invisible (left hand)
 o - a cursed ring of protection from magic (right hand)
Scrolls
 a - 2 scrolls of identify {unknown}
 e - a scroll of recharging {unknown}
 g - 2 scrolls of enchant armour {unknown}
 p - 3 scrolls of teleportation {unknown}
 r - a scroll of random uselessness {unknown}
 t - a scroll of magic mapping {unknown}
Potions
 f - a potion of ambrosia {unknown}
 h - a potion of agility {unknown}
 m - 2 potions of mutation {unknown}
 n - a potion of flight {unknown}
 q - a potion of lignification {unknown}
 s - a potion of brilliance {unknown}
 u - 2 potions of poison {unknown}
Books
 c - a book of Battle

   Spells                             Type                      Level
   a - Infusion                       Charms                       1
   b - Shroud of Golubria             Charms/Translocation         2
   c - Song of Slaying                Charms                       2
   d - Spectral Weapon                Hexes/Charms                 3
   e - Regeneration                   Charms/Necromancy            3
Comestibles
 d - a slice of pizza


   Skills:
 - Level 2.4 Fighting
   Level 2.4 Polearms
 * Level 4.9 Armour
 - Level 1.1 Dodging
 - Level 1.3 Spellcasting
 + Level 2.7 Charms


You had 3 spell levels left.
You knew the following spells:

 Your Spells              Type           Power        Failure   Level  Hunger
a - Infusion              Chrm           #.....       38%         1    ##.....
b - Song of Slaying       Chrm           #.......     58%         2    ###....


Dungeon Overview and Level Annotations

Branches:
Dungeon (4/15)
 Temple: D:4-7

Altars:
Trog


Innate Abilities, Weirdness & Mutations

You reflexively headbutt those who attack you in melee.
You have a pair of horns on your head.


Message History

Your magical contamination has completely faded away.
You start resting.
Magic restored.
You start resting.
Trog sends monsters to punish you.
A polar bear and 3 black bears come into view.
You hit the polar bear.
The polar bear is lightly wounded.
Casting: Infusion
Confirm with . or Enter, or press ? or * to list all spells.
You begin infusing your attacks with magical energy.
The polar bear bites you!
The polar bear claws you but does no damage. x2
The black bear bites you.
The black bear claws you but does no damage.
The black bear barely misses you.
You hit the polar bear.
The polar bear is lightly wounded.
The polar bear bites you!!
You die...

#.....#
#.....#
.....
#.....#
.....
#.....#
..%...
#.....#
......
###<#.#
#......
###h#
.....<.
#h##.).....
#@hh.......
####...####
...+ ...#
...# ...#
...# ...#


You could see a polar bear (berserk) and 3 black bears.

Vanquished Creatures
  The ghost of Jmtri7 the Skirmisher, a weakling OgSk (D:4)
  Ijyb (D:3)
  2 adders
  An ooze (D:2)
  A giant gecko (D:2)
  4 orcs (D:3)
  2 giant cockroaches (D:1)
  4 hobgoblins
  2 ball pythons
  5 bats
  3 giant newts
  5 goblins
  2 jackals (D:2)
  6 kobolds
  5 rats
44 creatures vanquished.

Notes
Turn   | Place    | Note
--------------------------------------------------------------
     0 | D:1      | Jmtri7 the Minotaur Skald began the quest for the Orb.
     0 | D:1      | Reached XP level 1. HP: 18/18 MP: 1/1
   106 | D:1      | Reached XP level 2. HP: 5/25 MP: 0/3
   114 | D:1      | HP: 1/25 [kobold (4)]
   418 | D:1      | Learned a level 2 spell: Song of Slaying
   746 | D:2      | Found a bloodstained altar of Trog.
   752 | D:2      | Became a worshipper of Trog the Wrathful
   801 | D:2      | Reached skill level 3 in Armour
   803 | D:2      | Was placed under penance by Trog
   883 | D:2      | Reached XP level 3. HP: 25/30 MP: 0/4
  1006 | D:2      | Fell from the grace of Trog
  1415 | D:3      | Noticed Ijyb
  1448 | D:3      | Killed Ijyb
  1448 | D:3      | Reached skill level 4 in Armour
  1448 | D:3      | Reached XP level 4. HP: 20/37 MP: 1/5
  1521 | D:3      | Noticed a polar bear
  1521 | D:3      | Noticed a polar bear
  1521 | D:3      | Noticed a black bear
  1521 | D:3      | Noticed a black bear
  1676 | D:4      | Noticed Jmtri7's ghost (weakling OgSk)
  1692 | D:4      | Killed Jmtri7's ghost
  1699 | D:4      | Reached XP level 5. HP: 7/42 MP: 1/6
  1922 | D:4      | Noticed a black bear
  1922 | D:4      | Noticed a black bear
  1922 | D:4      | Noticed a black bear
  1922 | D:4      | Noticed a polar bear
  1924 | D:4      | Slain by a polar bear

Vault maps used:
D:1:      dpeg_arrival_connections, serial_bayou_crossing
D:2:      bloody_trog
D:3:      uniq_grinder, uniq_natasha, uniq_iyjb, uniq_jessica
D:4:      minmay_temple_entry_statues_fountains, first_bread,
          minmay_misc_feat_plants, uniq_crazy_yiuf_cottage, uniq_duvessa,
          uniq_blork_the_orc

Action                   |  1- 3 |  4- 6 || total
-------------------------+-------+-------++-------
Melee: Spear             |    33 |       ||    33
       Short sword       |    65 |    18 ||    83
       Whip              |    12 |       ||    12
 Cast: Infusion          |    16 |     3 ||    19
       Song of Slaying   |     3 |       ||     3
  Eat: Bread ration      |     1 |       ||     1
